 Dungeon Crawl Stone Soup version 0.30-a0-1123-gabc949cf19 (webtiles) character file.

Game seed: 2615652138257771673

44 Orangeyouglad the Chiller (level 3, -5/24 HPs)
             Began as a Human Ice Elementalist on Apr 22, 2023.
             Killed from afar by Sigmund (13 damage)
             ... with a puff of flame
             ... on level 2 of the Dungeon.
             The game lasted 00:03:48 (1336 turns).

Orangeyouglad the Chiller (Human Ice Elementalist)  Turns: 1336, Time: 00:03:48

Health: -5/24      AC:  2    Str:  8    XL:     3   Next: 85%
Magic:  5/6        EV: 12    Int: 17    God:
Gold:   69         SH:  0    Dex: 13    Spells: 2/6 levels left

rFire   . . .        k - +0 great sword
rCold   . . .        (shield currently unavailable)
rNeg    . . .        a - +0 robe
rPois   .            (no helmet)
rElec   .            (no cloak)
rCorr   .            (no gloves)
SInv    .            (no boots)
Will    .....        (no amulet)
Stlth   ++           (no ring)
HPRegen 0.24/turn    (no ring)
MPRegen 0.10/turn

%: no passive effects
@: weak-willed
A: no striking features
a: no special abilities


You were on level 2 of the Dungeon.
You visited 1 branch of the dungeon, and saw 2 of its levels.

You collected 69 gold pieces.

Inventory:

Hand Weapons
 f - a +0 short sword
 k - a +0 great sword (weapon)
Armour
 a - a +0 robe (worn)
Scrolls
 l - a scroll of poison {unknown}
 m - a scroll of magic mapping {unknown}
Potions
 b - a potion of magic
 c - a potion of mutation {unknown}
 d - 3 potions of heal wounds {unknown}
 e - a potion of might {unknown}
 j - a potion of curing {unknown}


   Skills:
 + Level 2.5 Dodging
 + Level 2.6 Stealth
 + Level 2.4 Spellcasting
 + Level 4.3 Ice Magic


You had 2 spell levels left.
You knew the following spells:

 Your Spells              Type           Power      Damage    Failure   Level
a - Freeze                Ice            64%        1d7       3%          1
b - Frozen Ramparts       Ice            32%        1d5       10%         3

Your spell library contained the following spells:

 Spells                   Type           Power      Damage    Failure   Level
 Ozocubu's Armour         Ice            16%        N/A       10%         3
 Hailstorm                Conj/Ice       9%         3d4       22%         3
 Portal Projectile        Hex/Tloc       4%         N/A       50%         3
 Tukima's Dance           Hex            2%         N/A       50%         3
 Ice Form                 Ice/Tmut       9%         N/A       58%         4
 Summon Ice Beast         Ice/Summ       9%         N/A       58%         4
 Blade Hands              Tmut           1%         N/A       99%         5
 Simulacrum               Ice/Necr       4%         N/A       100%        6


Dungeon Overview and Level Annotations

Branches:
Dungeon (2/15)

Altars:

Annotations:
D:2 Sigmund


Message History

You throw a poisoned dart.
The poisoned dart closely misses Sigmund.
Throw: 2 darts (poison)
Press: ? - help, Q - select action, (/) - cycle Shift-Dir - straight line, f/p - Sigmund
Aim: Sigmund, wielding a +0 scythe and wearing a +1 robe of cold resistance (lightly wounded, 52% to hit)
You throw a poisoned dart.
The poisoned dart barely misses Sigmund.
Sigmund resists.
The wall freezes Sigmund.
Sigmund hits you from afar with a +0 scythe!
Throw: dart (poison)
Press: ? - help, Q - select action, (/) - cycle Shift-Dir - straight line, f/p - Sigmund
Aim: Sigmund, wielding a +0 scythe and wearing a +1 robe of cold resistance (moderately wounded, 52% to hit)
You throw a poisoned dart.
The poisoned dart barely misses Sigmund.
Sigmund completely resists.
The wall freezes Sigmund but does no damage.
Sigmund casts a spell at you. You resist with significant effort.
Okay, then.
Your frozen ramparts will break if you move.
Continue?
The frozen ramparts melt away as you move.
Sigmund points at you and mumbles some strange words.
The puff of flame hits you.
* * * LOW HITPOINT WARNING * * *
There is an open door here.
You close the door.
Okay, then.
Okay, then.
Okay, then.
Okay, then.
As you read the scroll labelled PAHICLI XEAKH, it crumbles to dust.
You assume a fearsome visage.
Nothing appears to happen.
It was a scroll of fear.
Sigmund opens the door.
You close the door.
Sigmund opens the door.
As you read the scroll labelled EDATATWEKHLITAT, it crumbles to dust.
Magic quickly surges around you.
It was a scroll of vulnerability.
Sigmund points at you and mumbles some strange words.
The puff of flame hits you!
Ouch! That really hurt!
You die...

..........)...............
.#.#.####.#####.#..######
.#.#.# #(....@.#..# ...#.#
#########@.# .###.#
#####......# .#.@.#
#......###.#
.#.######.....@###.#
.#.............'.#..
.#######.......#@#### .#
#.......#.# .# #.......#.#
.#######.#######..
.......#.# ### ######.#.#
#....#.# #....#.# #....#.#


You could see Sigmund (weak-willed).

Vanquished Creatures
  A gnoll (D:1)
  An adder (D:2)
  2 ball pythons (D:1)
  2 endoplasms
  2 goblins (D:1)
  3 hobgoblins (D:1)
  3 jackals (D:2)
  3 kobolds
  A quokka (D:1)
  2 bats
  2 frilled lizards (D:1)
22 creatures vanquished.

Notes
Turn   | Place    | Note
-------+----------+-------------------------------------------
     0 | D:1      | Orangeyouglad the Human Ice Elementalist began the quest
                  | for the Orb.
     0 | D:1      | Reached XP level 1. HP: 13/13 MP: 3/3
   165 | D:1      | Reached XP level 2. HP: 6/19 MP: 0/5
   649 | D:1      | Reached XP level 3. HP: 15/24 MP: 3/6
   688 | D:1      | Learned a level 3 spell: Frozen Ramparts
  1287 | D:2      | Noticed Sigmund
  1336 | D:2      | Killed from afar by Sigmund

Illustrated notes

Levels and vault maps discovered:
D:1:      dpeg_arrival_rooms_b, layout_loops_ring, minmay_split_cup_small
D:2:      layout_basic, shapermc_ecumenical_altar_petra,
          uniq_crazy_yiuf_cottage, uniq_sigmund

Action                     || total
---------------------------++-------
  Melee: Unarmed           ||     3
         Short sword       ||    16
         Great sword       ||     1
  Throw: Dart              ||     4
   Cast: Freeze            ||    28
         Frozen Ramparts   ||     1
    Use: Scroll            ||     2
   Stab: Sleeping          ||     4
 Armour: Robe              ||     8
  Dodge: Dodged            ||    24

Table legend: (Time is in decaauts)
 A = Elapsed time spent in this place.
 B = Non-inter-level travel time spent in this place.
 C = Inter-level travel time spent in this place.
 D = Time resting spent in this place.
 E = Time spent auto-exploring this place.
 F = Levels seen in this place.
 G = Mean time per level.
                   A        B        C        D        E       F      G
               +--------+--------+--------+--------+--------+-----+--------+
         Total |   1335 |   1304 |     31 |    262 |    697 |   2 |  667.5 |
       Dungeon |   1335 |   1304 |     31 |    262 |    697 |   2 |  667.5 |
               +--------+--------+--------+--------+--------+-----+--------+

Top non-repeatable levels by time:
     D:1: 1090 daAuts
     D:2: 245 daAuts
